 Dungeon Crawl Stone Soup version 0.25.0-1-g7eea58d (webtiles) character file.

Game seed: 13541356351880107510

698 Buxparty the Firebug (level 7, -3/49 HPs)
             Began as a Demonspawn Fire Elementalist on June 28, 2020.
             Was an Initiate of Qazlal.
             Slain by an ogre
             ... wielding a +0 giant club
              (29 damage)
             ... on level 5 of the Dungeon.
             The game lasted 00:23:39 (6184 turns).

Buxparty the Firebug (Demonspawn Fire Elementalist) Turns: 6184, Time: 00:23:41

Health: -3/49      AC:  6    Str:  9    XL:     7   Next: 38%
Magic:  19/22      EV: 14    Int: 18    God:    Qazlal [......]
Gold:   169        SH:  0    Dex: 13    Spells: 9/14 levels left

rFire    . . .     SeeInvis .   x - +0 spear
rCold    . . .     Gourm    .   (no shield)
rNeg     . . .     Faith    .   a - +0 robe
rPois    .         Spirit   .   (helmet restricted)
rElec    .         Reflect  .   h - +0 cloak
rCorr    +         Harm     .   (no gloves)
MR       .....                  (no boots)
Stlth    +++.......             (no amulet)
HPRegen  0.16/turn              o - ring of resist corrosion
MPRegen  0.18/turn              p - ring of magical power

@: no status effects
A: antennae 1, rugged brown scales 3, nightstalker 1
a: Renounce Religion


You were on level 5 of the Dungeon.
You worshipped Qazlal.
Qazlal was noncommittal.
You were not hungry.

You visited 2 branches of the dungeon, and saw 7 of its levels.

You collected 169 gold pieces.

Inventory:

Hand Weapons
 x - a +0 spear (weapon)
Missiles
 s - 59 stones (quivered)
Armour
 a - a +0 robe (worn)
 h - a +0 cloak (worn)
Jewellery
 o - a ring of resist corrosion (left hand)
 p - a ring of magical power (right hand)
Scrolls
 b - 3 scrolls of immolation {unknown}
 d - 2 scrolls of identify {unknown}
 e - 5 scrolls of amnesia {unknown}
 f - 3 scrolls of fear {unknown}
 g - a scroll of enchant weapon {unknown}
 i - a scroll of noise {unknown}
 m - a scroll of fog {unknown}
 n - a scroll of magic mapping {unknown}
 q - a scroll of teleportation {unknown}
 r - 2 scrolls of remove curse {unknown}
 t - a scroll of blinking {unknown}
 y - a scroll of brand weapon {unknown}
Potions
 j - a potion of magic {unknown}
 k - 2 potions of resistance {unknown}
 l - 2 potions of brilliance {unknown}
 u - 3 potions of stabbing {unknown}
 v - a potion of curing {unknown}
 w - a potion of mutation {unknown}
 A - 2 potions of ambrosia {unknown}
 B - a potion of haste {unknown}
Comestibles
 c - 7 rations
 z - a chunk of flesh


   Skills:
 + Level 3.9 Dodging
 - Level 1.8 Stealth
 + Level 4.3 Spellcasting
 + Level 3.7 Conjurations
 + Level 4.7 Fire Magic


You had 9 spell levels left.
You knew the following spells:

 Your Spells              Type           Power        Failure   Level  Hunger
a - Foxfire               Conj/Fire      ###.         2%          1    None
b - Sticky Flame          Conj/Fire      ###.....     26%         4    ####...

Your spell library contained the following spells:

 Spells                   Type           Power        Failure   Level  Hunger
 Conjure Flame            Conj/Fire      ###.....     8%          3    ###....
 Inner Flame              Hex/Fire       ##......     16%         3    ###....
 Fireball                 Conj/Fire      ###.......   56%         5    ######.


Dungeon Overview and Level Annotations

Branches:
Dungeon (6/15)             Temple (1/1) D:4

Altars:
Ashenzari
Cheibriados
Dithmenos
Elyvilon
Fedhas
Gozag
Hepliaklqana
Kikubaaqudgha
Nemelex Xobeh
Okawaru
Qazlal
Ru
Uskayaw
Xom
Yredelemnul
Zin
The Shining One

Annotations:
D:6 Grinder


Innate Abilities, Weirdness & Mutations

You have a pair of small antennae on your head.
You are completely covered in rugged brown scales. (AC +3, +7% HP)
You are slightly more attuned to the shadows.


Message History

The ogre is moderately wounded.
The foxfire hits the ogre.
The ogre is heavily wounded.
Casting: Foxfire (safe; 2% risk of failure)
Confirm with . or Enter, or press ? or * to list all spells.
You conjure some foxfire!
The ogre barely misses you.
The foxfire hits the ogre.
The ogre is heavily wounded.
The foxfire hits the ogre.
The ogre is heavily wounded.
The foxfire hits the ogre.
The ogre is severely wounded.
The ogre closely misses you.
Casting: Foxfire (safe; 2% risk of failure)
Confirm with . or Enter, or press ? or * to list all spells.
You conjure some foxfire!
The foxfire hits the ogre.
The ogre is severely wounded.
The ogre hits you with a +0 giant club!!
Ouch! That really hurt!
You die...

#.# #########.##.
#.####.........##.
#......######..... ########
##[### ####### #############.#
......# #.............#
#####.###########.#.#.#.#.#.#.#
#..##......v#.............#
##.........§@O..⌠.....⌠...##
####.#####§.v....._.......##
#########.##....#...⌠.....⌠....##
.##.......##.##.#................
.##......#........#.#.#.#.#.#.###
.##.....###.....#................
###....## ##.#......(............
# #.....###....##.#..............
# #......#..##.##.#######........


You could see an ogre.

Vanquished Creatures
  Sigmund (D:4)
  An ogre (D:4)
  A phantom (D:4)
  A bullfrog skeleton (D:4)
  An iguana (D:4)
  5 worker ants
  A hound skeleton (D:4)
  A gnoll (D:1)
  10 adders
  2 worms (D:2)
  A dart slug (D:1)
  4 leopard geckos
  7 orcs
  7 bats
  4 giant cockroaches
  6 goblins
  8 hobgoblins
  4 jackals (D:5)
  4 kobolds
  2 quokkas (D:4)
  3 frilled lizards (D:3)
  A jackal skeleton (D:3)
  5 rats
80 creatures vanquished.

Vanquished Creatures (collateral kills)
  A leopard gecko (D:4)
  2 orcs (D:4)
3 creatures vanquished.

Vanquished Creatures (others)
  374 foxfires
374 creatures vanquished.

Grand Total: 457 creatures vanquished

Notes
Turn   | Place    | Note
-------+----------+-------------------------------------------
     0 | D:1      | Buxparty the Demonspawn Fire Elementalist began the quest
                  | for the Orb.
     0 | D:1      | Reached XP level 1. HP: 13/13 MP: 3/3
   294 | D:1      | Gained mutation: You have a pair of small antennae on your
                  | head. [demonic ancestry]
   294 | D:1      | Reached XP level 2. HP: 8/19 MP: 2/5
  1361 | D:2      | Gained mutation: You are partially covered in rugged brown
                  | scales. (AC +1, +3% HP) [demonic ancestry]
  1361 | D:2      | Reached XP level 3. HP: 19/24 MP: 1/6
  2066 | D:3      | Reached XP level 4. HP: 30/30 MP: 0/8
  2505 | D:3      | Learned a level 4 spell: Sticky Flame
  2763 | D:3      | Found a blossoming altar of Fedhas.
  3006 | D:4      | Found a staircase to the Ecumenical Temple.
  3034 | D:4      | Gained mutation: You are mostly covered in rugged brown
                  | scales. (AC +2, +5% HP) [demonic ancestry]
  3034 | D:4      | Reached XP level 5. HP: 22/36 MP: 4/9
  3046 | Temple   | Entered the Ecumenical Temple
  3437 | D:4      | Noticed an ogre
  3440 | D:4      | Noticed Sigmund
  3683 | D:4      | Noticed a phantom
  3730 | D:4      | Killed a phantom
  3730 | D:4      | Gained mutation: You are completely covered in rugged brown
                  | scales. (AC +3, +7% HP) [demonic ancestry]
  3730 | D:4      | Reached XP level 6. HP: 13/43 MP: 11/11
  4309 | D:4      | Killed Sigmund
  4309 | D:4      | Gained mutation: You are slightly more attuned to the
                  | shadows. [demonic ancestry]
  4309 | D:4      | Reached XP level 7. HP: 49/49 MP: 13/13
  4614 | D:5      | Entered Level 5 of the Dungeon
  4627 | D:5      | Found a stormy altar of Qazlal.
  4723 | D:5      | Became a worshipper of Qazlal Stormbringer
  4846 | D:5      | Found a white marble altar of Elyvilon.
  6094 | D:6      | Noticed Grinder
  6133 | D:6      | Paralysed by Grinder for 4 turns
  6184 | D:5      | Slain by an ogre

Illustrated notes

Levels and vault maps discovered:
D:1:      heliophobic_arrival_henge, layout_basic
D:2:      layout_basic, first_ration
D:3:      minmay_angry_zag, layout_basic, lemuel_round_altar,
          due_unseen_surprise
D:4:      layout_cave_pools, minmay_temple_entry_junction_2, uniq_sigmund
D:5:      layout_loops_cross, old_standard_altar, elyvilon_altar_5
D:6:      layout_cave_pools, bloody_trog, grunt_temple_overflow_diamond,
          minmay_manual_mess, uniq_eustachio, uniq_blork_the_orc, uniq_grinder
Temple:   regret_index_temple_waves

Skill      XL: |  1  2  3  4  5  6 |
---------------+-------------------+-----
Fire Magic     | 3 4 |  4.7
Dodging        | 2 3 |  3.9
Spellcasting   | 3 4 |  4.3
Conjurations   | 2 3 |  3.7
Stealth        | |  1.8

Action                   |  1- 3 |  4- 6 |  7- 9 || total
-------------------------+-------+-------+-------++-------
Melee: Unarmed           |     7 |     2 |     9 ||    18
       Spear             |       |       |   214 ||   214
Throw: Stone             |       |       |    26 ||    26
 Cast: Foxfire           |    61 |   110 |    72 ||   243
  Eat: Chunk             |     4 |     4 |     1 ||     9
       Ration            |       |     1 |     2 ||     3
Armor: Robe              |     3 |    10 |    56 ||    69
Dodge: Dodged            |    23 |    32 |   139 ||   194
